 Dungeon Sprint DCSS version 0.21.0-3-g78d12a8bdd (webtiles) character file.

71397 Quolop the Slayer (level 14, -2/249 HPs)
             Began as a Minotaur Fighter on Jan 9, 2018.
             Was the Champion of Makhleb.
             Slain by a frost giant
             ... wielding a +0 battleaxe of freezing
              (12 damage)
             ... in the Dungeon (Sprint IX: "|||||||||||||||||||||||||||||").
             The game lasted 00:14:33 (2768 turns).

Quolop the Slayer (Minotaur Fighter)                Turns: 2768, Time: 00:14:34

Health: -2/249     AC: 10    Str: 30    XL:     14   Next: 97%
Magic:  23/23      EV: 17    Int:  7    God:    Makhleb [******]
Gold:   935        SH: 22    Dex: 24    Spells: 13/13 levels left

rFire    . . .     SeeInvis .   N - +3 scimitar (flame)
rCold    . . .     Gourm    .   H - +2 shield "Fir Hog" {Dex+6}
rNeg     . . .     Faith    .   G - +2 plate armour
rPois    .         Spirit   .   B - +3 hat of Pondering {ponderous, MR+ MP+10 Int+5}
rElec    .         Reflect  .   r - +0 cloak
rCorr    .         Harm     .   I - +1 pair of gloves
MR       ++...     NoTele   +   d - +0 pair of boots
Stlth    ..........             y - amulet of regeneration
HPRegen  0.91/turn              A - +3 ring of slaying
MPRegen  0.18/turn              u - ring "Voumi" {Int-3 Dex+7}

@: berserking, corroded, very quick
A: retaliatory headbutt, horns 2
a: Minor Destruction, Lesser Servant of Makhleb, Major Destruction, Greater
Servant of Makhleb, Renounce Religion


You were in the Dungeon.
You worshipped Makhleb.
Makhleb was exalted by your worship.
You were hungry.

You visited 1 branch You collected 1910 gold pieces.
You spent 975 gold pieces at shops.

Inventory:

Hand Weapons
 a - a +0 long sword
 j - a +1 scimitar of flaming
 s - a +2 scimitar of holy wrath
 F - a +1 double sword
 N - a +3 scimitar of flaming (weapon)
Armour
 b - a +0 scale mail
 c - a +0 shield
 d - a +0 pair of boots (worn)
 r - a +0 cloak (worn)
 B - the +3 hat of Pondering (worn) {ponderous, MR+ MP+10 Int+5}
   (You took it off Gastronok in the Dungeon)

   It affects your intelligence (+5).
   It affects your resistance to hostile enchantments.
   It affects your magic capacity (+10).
 G - a +2 plate armour (worn)
 H - the +2 shield "Fir Hog" (worn) {Dex+6}
   (You found it in the Dungeon)

   It affects your dexterity (+6).
 I - a +1 pair of gloves (worn)
Jewellery
 p - a +2 ring of protection
 q - a +3 ring of intelligence
 u - the ring "Voumi" (right hand) {Int-3 Dex+7}
   (You found it in the Dungeon)

   [ring of intelligence]

   It affects your intelligence (-3).
   It affects your dexterity (+7).
 y - an amulet of regeneration (around neck)
 z - an uncursed ring of protection from magic
 A - a +3 ring of slaying (left hand)
 C - an uncursed ring of protection from cold
 D - an uncursed ring of protection from cold
 E - an uncursed ring of fire
Wands
 o - a wand of iceblast (10)
Scrolls
 k - 3 scrolls of blinking
 m - 3 scrolls of remove curse
 n - 2 scrolls of amnesia
 v - a scroll of fear
 w - 4 scrolls of enchant weapon
 x - 6 scrolls of enchant armour
 M - a scroll of identify
Potions
 e - 5 potions of curing
 g - 9 potions of heal wounds
 h - a potion of degeneration {unknown}
 i - 4 potions of magic
 l - a potion of invisibility
 t - a potion of brilliance
 K - a potion of agility
 L - a potion of haste
Comestibles
 f - 11 rations


   Skills:
 + Level 26.4 Fighting
 - Level 19.8 Long Blades
 + Level 19.4 Armour
 + Level 10.2 Dodging
 + Level 3.2 Stealth
 + Level 26.2 Shields


You had 13 spell levels left.
You didn't know any spells.

Dungeon Overview and Level Annotations

Branches:
Dungeon (1/1)

Altars:
Cheibriados
Dithmenos
Elyvilon
Fedhas
Gozag
Hepliaklqana
Kikubaaqudgha
Makhleb
Nemelex Xobeh
Okawaru
Qazlal
Ru
Sif Muna
Trog
Uskayaw
Vehumet
Wu Jian
Xom
Yredelemnul
Zin
The Shining One
Beogh
Jiyva
Lugonu

Shops:
D *=![


Innate Abilities, Weirdness & Mutations

You reflexively headbutt those who attack you in melee.
You have a pair of horns on your head.


Message History

Okay, then.
A red film seems to cover your vision as you go berserk!
You feel yourself moving faster!
You feel mighty!
The vault sentinel blows a loud note on a signal horn!
The ice dragon breathes frost at you. The blast of cold misses you.
You slice the ice dragon!! You burn the ice dragon.
You kill the ice dragon!
Makhleb accepts your kill.
You feel better.
The frost giant points at you and mumbles some strange words.
The bolt of cold hits you!
* * * LOW HITPOINT WARNING * * *
Items here: )) [[ † a glaive of chopping; a plate armour; a great mace; a leather armour a human corpse You slash the frost giant!
You burn the frost giant.
The frost giant is lightly wounded.
The frost giant hits you with a battleaxe of freezing!
You die...

.....(....(.(())).....)...'......
▓▓▓▓▓▓▓▓▓▓▓▓▓▓▓▓▓▓▓▓▓▓▓▓▓▓▓▓▓▓▓▓▓
.................................
♣♣♣▓▓▓▓▓▓▓▓▓▓▓▓▓▓▓▓▓▓▓▓▓▓▓▓▓▓▓▓▓▓
...'†††....†.')))†.....'.........
♣♣♣▓▓▓▓▓▓▓▓▓▓▓▓▓▓▓▓▓▓▓▓▓▓▓▓▓▓▓▓▓▓
.................................
▓▓▓▓▓▓▓▓▓▓▓▓▓▓▓▓▓▓▓▓▓▓▓▓▓▓▓▓▓▓▓▓▓
...((())).))††..@CTp.....
▓▓▓▓▓▓▓▓▓▓▓▓▓▓▓▓▓▓▓▓▓▓▓▓▓


You could see a frost giant, a deep troll and a vault sentinel.

Vanquished Creatures
  A golden dragon (D)
  2 tentacled monstrosities (D)
  A sphinx (D)
  Kirke (D)
  Gastronok (D)
  A nagaraja (D)
  A vault warden (D)
  Aizul (D)
  An ironheart preserver (D)
  A very ugly thing (D)
  A stone giant (D)
  An entropy weaver (D)
  A vampire knight (D)
  Azrael (D)
  A spark wasp (D)
  3 ettins (D)
  Josephine (D)
  A fire dragon (D)
  2 yaktaur captains (D)
  A great orb of eyes (D)
  7 ogre magi (D)
  2 spriggan air magi (D)
  A hydra (D)
  An ice dragon (D)
  3 rakshasas (D)
  A centaur warrior (D)
  3 naga warriors (D)
  A deep troll shaman (D)
  Erica (D)
  A deep troll earth mage (D)
  2 alligators (D)
  3 two-headed ogres (D)
  2 shock serpents (D)
  A spriggan berserker (D)
  5 sea snakes (D)
  A wizard (D)
  A flayed ghost (D)
  3 unseen horrors (D)
  An ironbrand convoker (D)
  3 orc knights (D)
  3 orb spiders (D)
  2 swamp dragons (D)
  An orb spider (shapeshifter) (D)
  2 wolf spiders (D)
  A cyclops (D)
  A merfolk siren (D)
  4 black mambas (D)
  Psyche (D)
  An elephant (D)
  5 spiny frogs (D)
  6 yaktaurs (D)
  A kobold demonologist (D)
  2 demonic crawlers (D)
  A komodo dragon (D)
  A blink frog (D)
  2 merfolk (D)
  A snapping turtle (D)
  A bog body (D)
  A slime creature (D)
  2 hippogriffs (D)
  A tarantella (D)
  A redback (D)
  6 wraiths (D)
  A shadow (D)
  2 hogs (D)
  3 fire elementals (D)
  A naga (D)
  An insubstantial wisp (D)
  4 wargs (D)
  2 acid dragons (D)
  A water moccasin (D)
  3 hell hounds (D)
  A porcupine (D)
  8 orc warriors (D)
  3 boggarts (D)
  5 ogres (D)
  5 wolves (D)
  A centaur (D)
  4 crocodiles (D)
  3 bullfrogs (D)
  A scorpion (D)
  A wight (D)
  A howler monkey (D)
  A hound (D)
  5 orc priests (D)
  2 orc wizards (D)
  An iguana (D)
  A shadow imp (D)
  An adder skeleton (D)
  A leopard gecko (D)
  7 orcs (D)
  A bat skeleton (D)
  A bat zombie (D)
  A goblin (D)
  A quokka (D)
  A ball python zombie (D)
  2 kobolds (D)
  A leopard gecko zombie (D)
  A rat (D)
193 creatures vanquished.

Vanquished Creatures (others)
  A human (D)
1 creature vanquished.

Grand Total: 194 creatures vanquished

Notes
Turn   | Place    | Note
-------+----------+-------------------------------------------
     0 | D        | Quolop the Minotaur Fighter began the quest for the Orb.
     0 | D        | Reached XP level 1. HP: 19/19 MP: 0/0
    51 | D        | Noticed a scorpion
    51 | D        | Noticed a howler monkey
    57 | D        | Killed a scorpion
    57 | D        | Reached skill level 5 in Fighting
    57 | D        | Reached skill level 5 in Armour
    57 | D        | Reached skill level 5 in Shields
    57 | D        | Reached XP level 2. HP: 19/30 MP: 1/1
    57 | D        | Reached XP level 3. HP: 23/37 MP: 2/2
    61 | D        | Reached XP level 4. HP: 21/45 MP: 3/3
    68 | D        | Reached skill level 5 in Long Blades
   263 | D        | Found a roughly hewn altar of Beogh.
   263 | D        | Found a snail-covered altar of Cheibriados.
   263 | D        | Found a shadowy altar of Dithmenos.
   263 | D        | Found a white marble altar of Elyvilon.
   263 | D        | Found a blossoming altar of Fedhas.
   263 | D        | Found an opulent altar of Gozag.
   264 | D        | Found a hazy altar of Hepliaklqana.
   265 | D        | Found a viscous altar of Jiyva.
   266 | D        | Found an ancient bone altar of Kikubaaqudgha.
   267 | D        | Found a corrupted altar of Lugonu.
   268 | D        | Found a burning altar of Makhleb.
   269 | D        | Found a sparkling altar of Nemelex Xobeh.
   270 | D        | Found an iron altar of Okawaru.
   271 | D        | Found a stormy altar of Qazlal.
   272 | D        | Found a sacrificial altar of Ru.
   273 | D        | Found a deep blue altar of Sif Muna.
   274 | D        | Found a bloodstained altar of Trog.
   275 | D        | Found a hide-covered altar of Uskayaw.
   276 | D        | Became a worshipper of Makhleb the Destroyer
   277 | D        | Found a radiant altar of Vehumet.
   278 | D        | Found an ornate altar of the Wu Jian Council.
   279 | D        | Found a shimmering altar of Xom.
   280 | D        | Found a basalt altar of Yredelemnul.
   281 | D        | Found a glowing silver altar of Zin.
   282 | D        | Found a glowing golden altar of the Shining One.
   324 | D        | Noticed a centaur
   331 | D        | Reached XP level 5. HP: 48/52 MP: 4/4
   334 | D        | Killed a centaur
   334 | D        | Reached * piety under Makhleb
   342 | D        | Reached ** piety under Makhleb
   342 | D        | Reached XP level 6. HP: 47/62 MP: 5/5
   423 | D        | Noticed a centaur warrior
   423 | D        | Noticed a shadow
   423 | D        | Noticed a hippogriff
   423 | D        | Noticed a hippogriff
   423 | D        | Noticed a wraith
   440 | D        | Killed a centaur warrior
   440 | D        | Reached skill level 10 in Armour
   440 | D        | Reached skill level 1 in Dodging
   440 | D        | Reached skill level 1 in Stealth
   440 | D        | Reached XP level 7. HP: 71/71 MP: 6/6
   443 | D        | Reached skill level 10 in Fighting
   445 | D        | Killed a shadow
   445 | D        | Reached *** piety under Makhleb
   445 | D        | Reached skill level 10 in Shields
   445 | D        | Reached XP level 8. HP: 79/79 MP: 7/7
   448 | D        | Killed a hippogriff
   455 | D        | Killed a hippogriff
   642 | D        | Got the cursed ring "Voumi" {Int-3 Dex+7}
   657 | D        | Noticed a five-headed hydra
   657 | D        | Noticed a spiny frog
   657 | D        | Noticed a spiny frog
   659 | D        | Noticed a spiny frog
   661 | D        | Reached **** piety under Makhleb
   667 | D        | Killed an 11-headed hydra
   667 | D        | Reached XP level 9. HP: 65/89 MP: 8/8
   670 | D        | Killed a spiny frog
   670 | D        | Reached skill level 15 in Long Blades
   672 | D        | Killed a spiny frog
   673 | D        | Noticed a spiny frog
   676 | D        | Reached ***** piety under Makhleb
   681 | D        | Killed a spiny frog
   687 | D        | Killed a spiny frog
   697 | D        | Noticed a komodo dragon
   697 | D        | Noticed a black mamba
   697 | D        | Noticed an elephant
   697 | D        | Noticed a black mamba
   699 | D        | Killed a komodo dragon
   699 | D        | Reached XP level 10. HP: 76/97 MP: 9/9
   708 | D        | Killed a black mamba
   713 | D        | Killed an elephant
   717 | D        | Killed a black mamba
   717 | D        | Reached ****** piety under Makhleb
   805 | D        | Noticed Psyche
   815 | D        | Killed Psyche
   826 | D        | Noticed Erica
   838 | D        | Killed Erica
   953 | D        | Reached skill level 15 in Armour
   991 | D        | Noticed an ettin
   991 | D        | Noticed an orc knight
  1002 | D        | Killed an ettin
  1002 | D        | Reached XP level 11. HP: 61/108 MP: 10/10
  1016 | D        | Killed an orc knight
  1022 | D        | Reached skill level 5 in Dodging
  1041 | D        | Noticed an orc knight
  1063 | D        | Killed an orc knight
  1078 | D        | Found Plog's Assorted Antiques.
  1078 | D        | Noticed a two-headed ogre
  1078 | D        | Noticed an ogre mage
  1078 | D        | Noticed an ogre mage
  1078 | D        | Noticed a two-headed ogre
  1082 | D        | Killed a two-headed ogre
  1082 | D        | Reached skill level 15 in Shields
  1091 | D        | Found Ratoh's Jewellery Shoppe.
  1097 | D        | Killed an ogre mage
  1097 | D        | Reached skill level 15 in Fighting
  1098 | D        | Noticed an ogre mage
  1102 | D        | Killed a two-headed ogre
  1106 | D        | Noticed a two-headed ogre
  1110 | D        | Noticed an ogre mage
  1112 | D        | Killed an ogre mage
  1120 | D        | Killed an ogre mage
  1126 | D        | Killed a two-headed ogre
  1131 | D        | Killed an ogre mage
  1136 | D        | Found Kian's Distillery.
  1140 | D        | Found Tuggit's Armour Shoppe.
  1146 | D        | Noticed an ogre mage
  1149 | D        | Paralysed by an ogre mage for 4 turns
  1157 | D        | Killed an ogre mage
  1157 | D        | Reached XP level 12. HP: 123/123 MP: 11/11
  1212 | D        | Bought an uncursed amulet of regeneration for 390 gold pieces
  1212 | D        | Bought a +3 ring of slaying for 585 gold pieces
  1351 | D        | Noticed Gastronok
  1363 | D        | Killed Gastronok
  1376 | D        | Noticed Josephine
  1390 | D        | Killed Josephine
  1480 | D        | Got the +2 shield "Fir Hog" {Dex+6}
  1539 | D        | Noticed a rakshasa
  1550 | D        | Noticed an ettin
  1554 | D        | Noticed a stone giant
  1580 | D        | Killed a rakshasa
  1582 | D        | Killed a stone giant
  1585 | D        | Killed an ettin
  1594 | D        | Noticed a rakshasa
  1620 | D        | Killed a rakshasa
  1652 | D        | Noticed Azrael
  1664 | D        | Killed Azrael
  1719 | D        | Noticed Aizul
  1740 | D        | Killed Aizul
  1740 | D        | Reached XP level 13. HP: 34/139 MP: 12/12
  1941 | D        | Noticed a nagaraja
  1959 | D        | Killed a nagaraja
  2075 | D        | Noticed a tentacled monstrosity
  2089 | D        | Killed a tentacled monstrosity
  2423 | D        | Noticed Kirke
  2434 | D        | Killed Kirke
  2434 | D        | Reached XP level 14. HP: 157/157 MP: 13/13
  2521 | D        | Noticed a golden dragon
  2542 | D        | Noticed a tentacled monstrosity
  2546 | D        | Noticed a vampire knight
  2552 | D        | Killed a golden dragon
  2560 | D        | Killed a tentacled monstrosity
  2568 | D        | Killed a vampire knight
  2678 | D        | Noticed a sphinx
  2690 | D        | Noticed an entropy weaver
  2693 | D        | Reached skill level 10 in Dodging
  2701 | D        | Noticed an ironheart preserver
  2706 | D        | Noticed a brown very ugly thing
  2706 | D        | Killed a sphinx
  2715 | D        | Noticed a vault warden
  2720 | D        | Killed an entropy weaver
  2723 | D        | Noticed a frost giant
  2728 | D        | Killed an ironheart preserver
  2744 | D        | Killed a brown very ugly thing
  2753 | D        | Killed a vault warden
  2766 | D        | HP: 9/249 [frost giant/bolt of cold (46)]
  2768 | D        | Slain by a frost giant

Skill      XL: |  1  2  3  4  5  6  7  8  9 10 11 12 13 14 |
---------------+-------------------------------------------+-----
Fighting       | 5 6 7 8 9 10 11 12 13 16 19 23 26 | 26.4
Armour         | 5 6 7 8 10 11 12 13 15 16 18 19 | 19.4
Shields        | 5 6 7 8 9 10 11 12 14 16 19 22 26 | 26.2
Long Blades    | 4 6 7 11 12 14 16 18 19 | 19.8
Dodging        | 1 2 3 4 6 9 10 | 10.2
Stealth        | 1 2 3 |  3.2

Action                   |  1- 3 |  4- 6 |  7- 9 | 10-12 | 13-15 || total
-------------------------+-------+-------+-------+-------+-------++-------
Melee: Long sword        |    18 |     7 |       |       |       ||    25
       Headbutt          |     4 |    10 |    14 |   110 |   144 ||   282
       Scimitar          |       |    32 |    54 |   329 |   337 ||   752
  Use: Potion            |       |     3 |     2 |     1 |     1 ||     7
       Scroll            |       |       |     1 |       |       ||     1
  Eat: Chunk             |       |       |       |     2 |     1 ||     3
       Ration            |       |       |       |     1 |       ||     1
Armor: Scale mail        |     1 |    10 |     9 |    32 |       ||    52
       Plate armour      |       |       |       |    18 |    81 ||    99
Dodge: Dodged            |     6 |    11 |     7 |    61 |    76 ||   161
Block: Shield            |     7 |    20 |    19 |   128 |   218 ||   392
       Rpst.: Long sword |     3 |       |       |       |       ||     3
       Scimitar          |       |     1 |     1 |    16 |    15 ||    33
